 Dungeon Crawl Stone Soup version 0.18.1-48-g4cf74bf (webtiles) character file.

361 vonhedlund the Skirmisher (level 6, -6/61 HPs)
             Began as a Hill Orc Gladiator on Aug 25, 2016.
             Was a Follower of Okawaru.
             Mangled by a gnoll
             ... wielding a +0 halberd
              (11 damage)
             ... on level 4 of the Dungeon.
             The game lasted 00:15:17 (3354 turns).

vonhedlund the Skirmisher (Hill Orc Gladiator)      Turns: 3354, Time: 00:15:18

Health: -6/61      AC:  4    Str: 18 (20) XL:     6   Next: 66%
Magic:  6/6        EV: 12    Int:  7 (8)  God:    Okawaru [*.....]
Gold:   152        SH:  0    Dex: 10 (11) Spells: 0 memorised, 5 levels left

rFire  . . .     SeeInvis .     a - +0 war axe
rCold  . . .     Gourm    .     b - +0 leather armour
rNeg   . . .     Faith    .     (no shield)
rPois  .         Spirit   .     c - +0 helmet
rElec  .         Dismiss  .     (no cloak)
rCorr  .         Reflect  .     (no gloves)
SustAt .         Harm     .     (no boots)
MR     .....                    (no amulet)
Stlth  +.........               (no ring)
                                (no ring)

@: not resistant to hostile enchantments, very unstealthy
A: no striking features
a: Heroism, Renounce Religion


You were on level 4 of the Dungeon.
You worshipped Okawaru.
Okawaru was aware of your devotion.
You were not hungry.

You visited 1 branch of the dungeon, and saw 4 of its levels.

You collected 152 gold pieces.

Inventory:

Hand Weapons
 a - a +0 war axe (weapon)
 u - a +1 hand axe of distortion
 x - the +1 spear of Hezxesch {speed, +Blink MR+, unknown}
   (You found it on level 4 of the Dungeon)

   Attacks with this weapon are significantly faster.
   It affects your resistance to hostile enchantments.
   It lets you blink.
Missiles
 d - 3 throwing nets (quivered)
 h - 81 arrows
Armour
 b - a +0 leather armour (worn)
 c - a +0 helmet (worn)
 r - a +0 scale mail
 v - a +2 pair of boots
Jewellery
 m - an uncursed amulet of regeneration
Scrolls
 e - 3 scrolls of amnesia {unknown}
 g - 3 scrolls of identify
 n - 2 scrolls of immolation {unknown}
 o - a scroll of teleportation {unknown}
 s - a scroll of magic mapping {unknown}
 w - a scroll of blinking {unknown}
Potions
 j - 2 potions of brilliance {unknown}
 p - 2 potions of curing {unknown}
 q - a potion of degeneration
 t - a potion of ambrosia {unknown}
Comestibles
 f - 3 bread rations
 i - 4 chunks of flesh
 k - 3 meat rations
 l - 2 fruits


   Skills:
 + Level 7.8 Fighting
 - Level 4.5 Axes
 - Level 1.8 Throwing
 - Level 0.2 Armour
 - Level 2.7 Dodging


You had 5 spell levels left.
You didn't know any spells.

Dungeon Overview and Level Annotations

Branches:
Dungeon (4/15)
 Temple: D:4-7

Altars:
Ashenzari
Fedhas
Makhleb
Nemelex Xobeh
Okawaru
Qazlal
Vehumet
Yredelemnul

Annotations:
D:4 Duvessa


Message History

You kill the gnoll shaman!
Okawaru accepts your kill. The gnoll hits you with a flail!
You closely miss the gnoll. The gnoll hits you but does no damage.
The gnoll hits you from afar with a halberd!
* * * LOW HITPOINT WARNING * * *
You slash the gnoll!
The gnoll is heavily wounded.
The gnoll closely misses you.
The gnoll hits you from afar with a halberd.
* * * LOW HITPOINT WARNING * * *
The gnoll hits you with a flail!
* * * LOW HITPOINT WARNING * * *
Drink which item? (? for menu, Esc to quit)
It was a potion of degeneration.
There was something very wrong with that liquid.
You feel weakened.
You feel dopey.
You feel clumsy. The gnoll closely misses you.
The gnoll hits you from afar with a halberd!
You die...

..###.###......###..)......####..
..# #.# #......# ##.......## ##.
.####.# #.##.### ##.....## ##
......# #.##.# ##...#########
#####........# ##'##........ #
##.#### #.##.######. # #.# #.##.#
#. # #######.##.#### #. #
#@gg..........# #. #
#.###......##.# #. # ...#
##...#.##.###. # #####
##.##........ # #...########
##.#.### ###......# #..._....#
##....._..#


You could see 2 gnolls.

Vanquished Creatures
  A crimson imp (D:4)
  A hound (D:4)
  An orc priest (D:3)
  A gnoll shaman (D:4)
  An orc wizard (D:3)
  Terence (D:2)
  A gnoll (D:4)
  7 adders
  2 oozes
  A worm (D:2)
  A dart slug (D:3)
  2 giant geckos
  7 orcs
  8 bats
  3 giant cockroaches (D:3)
  10 goblins
  10 hobgoblins
  12 jackals
  A giant gecko skeleton (D:4)
  6 giant newts
  6 kobolds
  4 rats
87 creatures vanquished.

Notes
Turn   | Place    | Note
--------------------------------------------------------------
     0 | D:1      | vonhedlund the Hill Orc Gladiator began the quest for the Orb.
     0 | D:1      | Reached XP level 1. HP: 18/18 MP: 1/1
   239 | D:1      | Reached XP level 2. HP: 14/25 MP: 2/2
  1043 | D:2      | Reached skill level 3 in Fighting
  1044 | D:2      | Reached XP level 3. HP: 31/31 MP: 3/3
  1133 | D:2      | Noticed Terence
  1189 | D:2      | Reached skill level 4 in Fighting
  1220 | D:2      | Reached XP level 4. HP: 19/40 MP: 4/4
  1556 | D:2      | Found an iron altar of Okawaru.
  1566 | D:2      | Became a worshipper of Warmaster Okawaru
  1595 | D:2      | Killed Terence
  1595 | D:2      | Reached skill level 5 in Fighting
  1702 | D:2      | Found a shattered altar of Ashenzari.
  1726 | D:2      | Reached XP level 5. HP: 38/48 MP: 5/5
  1776 | D:2      | Found a sparkling altar of Nemelex Xobeh.
  2238 | D:3      | Reached skill level 6 in Fighting
  2655 | D:3      | Reached XP level 6. HP: 34/58 MP: 6/6
  2788 | D:4      | Reached skill level 7 in Fighting
  2877 | D:4      | Noticed Duvessa
  3016 | D:4      | Reached * piety under Okawaru
  3225 | D:4      | Found a burning altar of Makhleb.
  3229 | D:4      | Found a stormy altar of Qazlal.
  3229 | D:4      | Found a basalt altar of Yredelemnul.
  3231 | D:4      | Found a blossoming altar of Fedhas.
  3231 | D:4      | Found a radiant altar of Vehumet.
  3244 | D:4      | Got a crystal spear
  3354 | D:4      | Mangled by a gnoll

Skill      XL: |  1  2  3  4  5  6 |
---------------+-------------------+-----
Fighting       | 3 4 5 6 7 |  7.8
Axes           | |  4.5
Throwing       | |  1.8
Armour         | |  0.2
Dodging        | |  2.7

Action                   |  1- 3 |  4- 6 || total
-------------------------+-------+-------++-------
Melee: War axe           |   112 |   184 ||   296
  Use: Scroll            |       |     1 ||     1
       Potion            |       |     1 ||     1
  Eat: Chunk             |     1 |     7 ||     8
Armor: Leather armour    |    41 |    68 ||   109
Dodge: Dodged            |    87 |   155 ||   242
